TOP OF THE 1ST |
Dunedin Blue Jays batting - Pitching for Potomac Nationals : LHP Ed Thorpe Jr.
|
Pitching: LHP Ed Thorpe Jr.
|
|
Batting: RHB Luis Gomez
|
0-0: Ball 1-0: Ball 2-0: Ball 3-0: Called Strike 3-1: Base on Balls
|
Batting: RHB Stephen Casteel
|
0-0: Ball 1-0: Ball 2-0: Ball 3-0: TRIPLE (Flyball, 89XD, EV 95.0 MPH) Luis Gomez scores
|
Batting: RHB Raul de la Cruz
|
0-0: Called Strike 0-1: Ground out 4-3 (Groundball, 4D, EV 82.5 MPH) Stephen Casteel scores
|
Batting: RHB Scott Travis
|
0-0: Called Strike 0-1: Ball 1-1: Foul Ball, location: 2F 1-2: Strikes out swinging
|
Batting: LHB Devin Huber
|
0-0: Fly out, F8 (Line Drive, 78M, EV 88.8 MPH)
|
Top of the 1st over - 2 runs, 1 hit, 0 errors, 0 left on base; Dunedin 2 - Potomac 0 |
BOTTOM OF THE 1ST |
Potomac Nationals batting - Pitching for Dunedin Blue Jays : RHP David Tooley
|
Pitching: RHP David Tooley
|
|
Batting: RHB Antonio Morado
|
0-0: Fly out, F9 (Flyball, 9D, EV 93.8 MPH)
|
Batting: RHB Er Le
|
0-0: Ball 1-0: Ball 2-0: Called Strike 2-1: SINGLE (Groundball, 56D, EV 106.9 MPH)
|
Batting: RHB Justin Davenport
|
0-0: Ball 1-0: Ball 2-0: Swinging Strike 2-1: Called Strike 2-2: Foul Ball, location: 2F 2-2: Fly out, F7 (Flyball, 7, EV 94.4 MPH)
|
Batting: RHB Nick Moreno
|
0-0: DOUBLE (Line Drive, 78XD, EV 100.0 MPH) Er Le to third Runner from 3rd tries for Home, SAFE, throw by LF to trailing runner, SAFE at third!
|
Batting: RHB Victor Cintron
|
0-0: Swinging Strike 0-1: Ground out 1-3 (Groundball, P, EV 66.9 MPH)
|
Bottom of the 1st over - 1 run, 2 hits, 0 errors, 1 left on base; Dunedin 2 - Potomac 1 |
TOP OF THE 2ND |
Dunedin Blue Jays batting - Pitching for Potomac Nationals : LHP Ed Thorpe Jr.
|
Batting: RHB Bobby Lasaguna
|
0-0: Foul Ball, location: 2F 0-1: Ball 1-1: Swinging Strike 1-2: Ball 2-2: Fly out, F9 (Flyball, 9S, EV 76.9 MPH)
|
Batting: RHB Jose Ontiveros
|
0-0: Ball 1-0: Ball 2-0: Ball 3-0: Base on Balls
|
Batting: RHB Luis Reyes
|
0-0: Swinging Strike 0-1: Ball 1-1: Fly out, F8 (Flyball, 78XD, EV 90.6 MPH)
|
Batting: RHB Terry Plumley
|
0-0: Called Strike Jose Ontiveros steals 2nd base 0-1: Ball 1-1: Called Strike 1-2: Strikes out swinging
|
Top of the 2nd over - 0 runs, 0 hits, 0 errors, 1 left on base; Dunedin 2 - Potomac 1 |
BOTTOM OF THE 2ND |
Potomac Nationals batting - Pitching for Dunedin Blue Jays : RHP David Tooley
|
Batting: RHB Xavier Reeves
|
0-0: Ball 1-0: Called Strike 1-1: Foul Ball, location: 2F 1-2: Ball 2-2: Strikes out looking
|
Batting: SHB Ed Thorpe Jr.
|
0-0: Ball 1-0: Called Strike 1-1: Ball 2-1: Called Strike 2-2: Ground out 6-3 (Groundball, 6M, EV 87.5 MPH)
|
Batting: LHB Tony Olvera
|
0-0: Called Strike 0-1: Ball 1-1: Ball 2-1: Swinging Strike 2-2: Strikes out swinging
|
Bottom of the 2nd over - 0 runs, 0 hits, 0 errors, 0 left on base; Dunedin 2 - Potomac 1 |
TOP OF THE 3RD |
Dunedin Blue Jays batting - Pitching for Potomac Nationals : LHP Ed Thorpe Jr.
|
Batting: RHB Luis Gomez
|
0-0: Foul Ball, location: 2F 0-1: Swinging Strike 0-2: Ball 1-2: Ball 2-2: Strikes out swinging
|
Batting: RHB Stephen Casteel
|
0-0: Foul Ball, location: 2F 0-1: Called Strike 0-2: Fly out, F8 (Line Drive, 8RM, EV 90.6 MPH)
|
Batting: RHB Raul de la Cruz
|
0-0: Swinging Strike 0-1: Ball 1-1: Ball 2-1: Ball 3-1: Foul Ball, location: 2F 3-2: Strikes out swinging
|
Top of the 3rd over - 0 runs, 0 hits, 0 errors, 0 left on base; Dunedin 2 - Potomac 1 |
BOTTOM OF THE 3RD |
Potomac Nationals batting - Pitching for Dunedin Blue Jays : RHP David Tooley
|
Batting: RHB Franklin Ortega
|
0-0: Foul Ball, location: 2F 0-1: Fly out, F8 (Flyball, 8LD, EV 98.1 MPH)
|
Batting: RHB Antonio Morado
|
0-0: Called Strike 0-1: Foul Ball, location: 2F 0-2: Strikes out swinging
|
Batting: RHB Er Le
|
0-0: Ground out 6-3 (Groundball, 56, EV 102.5 MPH)
|
Bottom of the 3rd over - 0 runs, 0 hits, 0 errors, 0 left on base; Dunedin 2 - Potomac 1 |
TOP OF THE 4TH |
Dunedin Blue Jays batting - Pitching for Potomac Nationals : LHP Ed Thorpe Jr.
|
Batting: RHB Scott Travis
|
0-0: Foul Ball, location: 2F 0-1: Ball 1-1: Called Strike 1-2: Strikes out swinging
|
Batting: LHB Devin Huber
|
0-0: Foul Ball, location: 2F 0-1: Swinging Strike 0-2: Ball 1-2: Ball 2-2: Strikes out looking
|
Batting: RHB Bobby Lasaguna
|
0-0: Ball 1-0: Ground out 2-3 (Groundball, 2L, EV 68.1 MPH)
|
Top of the 4th over - 0 runs, 0 hits, 0 errors, 0 left on base; Dunedin 2 - Potomac 1 |
BOTTOM OF THE 4TH |
Potomac Nationals batting - Pitching for Dunedin Blue Jays : RHP David Tooley
|
Batting: RHB Justin Davenport
|
0-0: Foul Ball, location: 2F 0-1: Foul Ball, location: 2F 0-2: Ball 1-2: Strikes out swinging
|
Batting: RHB Nick Moreno
|
0-0: Ball 1-0: Ground out 4-3 (Groundball, 4, EV 78.8 MPH)
|
Batting: RHB Victor Cintron
|
0-0: Called Strike 0-1: SINGLE (Groundball, 34D, EV 91.2 MPH) (infield hit)
|
Batting: RHB Xavier Reeves
|
0-0: Ground out 4-3 (Groundball, 4, EV 95.6 MPH)
|
Bottom of the 4th over - 0 runs, 1 hit, 0 errors, 1 left on base; Dunedin 2 - Potomac 1 |
TOP OF THE 5TH |
Dunedin Blue Jays batting - Pitching for Potomac Nationals : LHP Ed Thorpe Jr.
|
Batting: RHB Jose Ontiveros
|
0-0: Ball 1-0: Foul Ball, location: 2F 1-1: Ball 2-1: Fly out, F9 (Line Drive, 89M, EV 100.0 MPH)
|
Batting: RHB Luis Reyes
|
0-0: Called Strike 0-1: Ball 1-1: Foul Ball, location: 2F 1-2: Ball 2-2: Fly out, F8 (Flyball, 8LXD, EV 90.0 MPH)
|
Batting: RHB Terry Plumley
|
0-0: Called Strike 0-1: SINGLE (Groundball, 56D, EV 101.9 MPH)
|
Batting: RHB Luis Gomez
|
0-0: Called Strike 0-1: Called Strike 0-2: Ball 1-2: Ball 2-2: Fielders Choice at 2nd, 6-4 (Groundball, 6, EV 99.4 MPH)
|
Top of the 5th over - 0 runs, 1 hit, 0 errors, 1 left on base; Dunedin 2 - Potomac 1 |
BOTTOM OF THE 5TH |
Potomac Nationals batting - Pitching for Dunedin Blue Jays : RHP David Tooley
|
Batting: SHB Ed Thorpe Jr.
|
0-0: Ball 1-0: Called Strike 1-1: Called Strike 1-2: Ball 2-2: Ball 3-2: Fly out, F2 (Popup, 3SF, EV 83.1 MPH)
|
Batting: LHB Tony Olvera
|
0-0: Ball 1-0: Ball 2-0: Foul Ball, location: 2F 2-1: Foul Ball, location: 2F 2-2: Foul Ball, location: 2F 2-2: Foul Ball, location: 2F 2-2: Foul Ball, location: 2F 2-2: Fly out, F9 (Flyball, 9S, EV 90.6 MPH)
|
Batting: RHB Franklin Ortega
|
0-0: Swinging Strike 0-1: Swinging Strike 0-2: Strikes out swinging
|
Bottom of the 5th over - 0 runs, 0 hits, 0 errors, 0 left on base; Dunedin 2 - Potomac 1 |
TOP OF THE 6TH |
Dunedin Blue Jays batting - Pitching for Potomac Nationals : LHP Ed Thorpe Jr.
|
Batting: RHB Stephen Casteel
|
0-0: SINGLE (Groundball, 34D, EV 97.5 MPH)
|
Batting: RHB Raul de la Cruz
|
0-0: Ball 1-0: Ball 2-0: Called Strike 2-1: Swinging Strike 2-2: Foul Ball, location: 2F 2-2: Ball 3-2: Base on Balls Stephen Casteel to second
|
Pitching: RHP Chris Doty
|
|
Batting: RHB Scott Travis
|
0-0: Called Strike 0-1: Foul Ball, location: 2F 0-2: Strikes out looking
|
Batting: LHB Devin Huber
|
0-0: Ball 1-0: Ball 2-0: Ball Stephen Casteel steals 3rd base Raul de la Cruz to second 3-0: Intentional Walk
|
Batting: RHB Bobby Lasaguna
|
0-0: Ball 1-0: Called Strike 1-1: SINGLE (Line Drive, 7LS, EV 108.1 MPH) Stephen Casteel scores Raul de la Cruz to third Devin Huber to second
|
Batting: RHB Jose Ontiveros
|
0-0: Called Strike 0-1: Ball 1-1: Foul Ball, location: 2F 1-2: Strikes out swinging
|
Batting: RHB Luis Reyes
|
0-0: Foul Ball, location: 2F 0-1: Called Strike 0-2: Foul Ball, location: 2F 0-2: Ball 1-2: Ball 2-2: Fly out, F9 (Flyball, 9D, EV 88.1 MPH)
|
Top of the 6th over - 1 run, 2 hits, 0 errors, 3 left on base; Dunedin 3 - Potomac 1 |
BOTTOM OF THE 6TH |
Potomac Nationals batting - Pitching for Dunedin Blue Jays : RHP David Tooley
|
Batting: RHB Antonio Morado
|
0-0: Called Strike 0-1: Fly out, F6 (Popup, 6MD, EV 70.6 MPH)
|
Batting: RHB Er Le
|
0-0: Ball 1-0: Ball 2-0: Called Strike 2-1: Ball 3-1: Foul Ball, location: 2F 3-2: Strikes out swinging
|
Batting: RHB Justin Davenport
|
0-0: Called Strike 0-1: Ball 1-1: Called Strike 1-2: Ball 2-2: Fly out, F8 (Flyball, 78D, EV 95.0 MPH)
|
Bottom of the 6th over - 0 runs, 0 hits, 0 errors, 0 left on base; Dunedin 3 - Potomac 1 |
TOP OF THE 7TH |
Dunedin Blue Jays batting - Pitching for Potomac Nationals : RHP Chris Doty
|
Batting: RHB Terry Plumley
|
0-0: Ball 1-0: Swinging Strike 1-1: Foul Ball, location: 2F 1-2: Foul Ball, location: 2F 1-2: Strikes out looking
|
Batting: RHB Luis Gomez
|
0-0: Swinging Strike 0-1: Foul Ball, location: 2F 0-2: Ball 1-2: Strikes out swinging
|
Batting: RHB Stephen Casteel
|
0-0: Ball 1-0: Ground out 5-3 (Groundball, 56, EV 83.8 MPH)
|
Top of the 7th over - 0 runs, 0 hits, 0 errors, 0 left on base; Dunedin 3 - Potomac 1 |
BOTTOM OF THE 7TH |
Potomac Nationals batting - Pitching for Dunedin Blue Jays : RHP David Tooley
|
Now at 1B: Terry Plumley
|
|
Now at 3B: Mike Johnson
|
|
Now in RF: Frank Nelson
|
|
Batting: RHB Nick Moreno
|
0-0: Called Strike 0-1: Foul Ball, location: 2F 0-2: Ball 1-2: Foul Ball, location: 2F 1-2: Ball 2-2: Foul Ball, location: 2F 2-2: Ball 3-2: Foul Ball, location: 2F 3-2: Strikes out swinging
|
Batting: RHB Victor Cintron
|
0-0: Ball 1-0: Foul Ball, location: 2F 1-1: Called Strike 1-2: Ground out 5-3 (Groundball, 56, EV 81.2 MPH)
|
Batting: RHB Xavier Reeves
|
0-0: Called Strike 0-1: Foul Ball, location: 2F 0-2: Ball 1-2: Foul Ball, location: 2F 1-2: Ball 2-2: Ball 3-2: Base on Balls
|
Pitching: RHP Jose Ramos
|
|
Batting: SHB Ed Thorpe Jr.
|
0-0: Ball Xavier Reeves is caught stealing 2nd base 2-6
|
Bottom of the 7th over - 0 runs, 0 hits, 0 errors, 0 left on base; Dunedin 3 - Potomac 1 |
TOP OF THE 8TH |
Dunedin Blue Jays batting - Pitching for Potomac Nationals : RHP Chris Doty
|
Batting: LHB Frank Nelson
|
0-0: Called Strike 0-1: Swinging Strike 0-2: Ball 1-2: Ball 2-2: Foul Ball, location: 2F 2-2: Strikes out swinging
|
Batting: RHB Scott Travis
|
0-0: Ball 1-0: Called Strike 1-1: Ball 2-1: Called Strike 2-2: Ball 3-2: Foul Ball, location: 2F 3-2: Base on Balls
|
Batting: LHB Devin Huber
|
0-0: Ball 1-0: Ball 2-0: Called Strike 2-1: Foul Ball, location: 2F 2-2: Strikes out swinging
|
Batting: RHB Bobby Lasaguna
|
0-0: Fly out, F6 (Popup, 6, EV 58.1 MPH)
|
Top of the 8th over - 0 runs, 0 hits, 0 errors, 1 left on base; Dunedin 3 - Potomac 1 |
BOTTOM OF THE 8TH |
Potomac Nationals batting - Pitching for Dunedin Blue Jays : RHP Jose Ramos
|
Batting: SHB Ed Thorpe Jr.
|
0-0: Ball 1-0: Swinging Strike 1-1: Ball 2-1: Called Strike 2-2: Ball 3-2: Strikes out swinging
|
Batting: LHB Tony Olvera
|
0-0: Swinging Strike 0-1: Foul Ball, location: 2F 0-2: Ball 1-2: Ball 2-2: Foul Ball, location: 2F 2-2: Foul Ball, location: 2F 2-2: Strikes out swinging
|
Pinch Hitting: LHB John Holst
|
0-0: Ball 1-0: Ball 2-0: Called Strike 2-1: Fly out, F8 (Flyball, 8RXD, EV 105.6 MPH)
|
Bottom of the 8th over - 0 runs, 0 hits, 0 errors, 0 left on base; Dunedin 3 - Potomac 1 |
TOP OF THE 9TH |
Dunedin Blue Jays batting - Pitching for Potomac Nationals : RHP Chris Doty
|
Now at 3B: Antonio Morado
|
|
Now in LF: John Holst
|
|
Batting: RHB Jose Ontiveros
|
0-0: Ground out 5-3 (Groundball, 56S, EV 71.2 MPH)
|
Batting: RHB Luis Reyes
|
0-0: Ball 1-0: Foul Ball, location: 2F 1-1: Ground out 6-3 (Groundball, 6, EV 80.6 MPH)
|
Batting: RHB Terry Plumley
|
0-0: Ball 1-0: Foul Ball, location: 2F 1-1: Called Strike 1-2: Ball 2-2: Ball 3-2: Strikes out looking
|
Top of the 9th over - 0 runs, 0 hits, 0 errors, 0 left on base; Dunedin 3 - Potomac 1 |
BOTTOM OF THE 9TH |
Potomac Nationals batting - Pitching for Dunedin Blue Jays : RHP Jose Ramos
|
Batting: RHB Antonio Morado
|
0-0: Foul Ball, location: 2F 0-1: Ball 1-1: Called Strike 1-2: Foul Ball, location: 2F 1-2: Foul Ball, location: 2F 1-2: Foul Ball, location: 2F 1-2: Foul Ball, location: 2F 1-2: SINGLE (Groundball, 4D, EV 101.9 MPH)
|
Pitching: RHP Oswaldo Vasquez
|
|
Batting: RHB Er Le
|
0-0: Ball 1-0: Ball 2-0: Ball 3-0: Called Strike 3-1: SINGLE (Line Drive, 5D, EV 94.4 MPH) Antonio Morado to second
|
Batting: RHB Justin Davenport
|
0-0: Called Strike 0-1: Called Strike 0-2: Strikes out swinging
|
Batting: RHB Nick Moreno
|
0-0: Foul Ball, location: 2F 0-1: Called Strike 0-2: Ball 1-2: Strikes out looking
|
Batting: RHB Victor Cintron
|
0-0: Ball 1-0: SINGLE (Line Drive, 6MD, EV 108.1 MPH) Antonio Morado to third Er Le to second
|
Pinch Hitting: RHB Tylor Cyr
|
0-0: Called Strike 0-1: Ball 1-1: Foul Ball, location: 2F 1-2: Strikes out swinging
|
Bottom of the 9th over - 0 runs, 3 hits, 0 errors, 3 left on base; Dunedin 3 - Potomac 1 |
|